 Dungeon Crawl Stone Soup version 0.30-a0-1112-gfb780f5df6 (webtiles) character file.

Game seed: 823340542743221124

1869 hwolsky the Protected (level 8, -7/73 HPs)
             Began as a Minotaur Fighter on Apr 19, 2023.
             Was a Follower of Okawaru.
             Mangled by an orc warrior
             ... wielding a +0 scimitar
              (11 damage)
             ... on level 7 of the Dungeon.
             The game lasted 00:15:24 (5479 turns).

hwolsky the Protected (Minotaur Fighter)            Turns: 5479, Time: 00:15:25

Health: -7/73      AC:  8    Str: 23    XL:     8   Next: 90%
Magic:  7/7        EV:  9    Int:  5    God:    Okawaru [*.....]
Gold:   276        SH:  5    Dex: 10    Spells: 7/7 levels left

rFire   . . .      SeeInvis .    a - +1 war axe
rCold   . . .      Faith    .    c - +0 buckler
rNeg    . . .      Spirit   .    b - +0 scale mail
rPois   .          Reflect  .    (helmet restricted)
rElec   .          Rampage  .    (no cloak)
rCorr   .                        (no gloves)
Will    .....                    (no boots) Stlth
                                 (no amulet)
HPRegen 0.32/turn                (no ring)
MPRegen 0.10/turn                (no ring)

@: studying Armour
A: horns 2, retaliatory headbutt
a: Renounce Religion, Heroism


You were on level 7 of the Dungeon.
You worshipped Okawaru.
Okawaru was aware of your devotion.
You visited 2 branches of the dungeon, and saw 8 of its levels.
You also visited: Ossuary.

You collected 276 gold pieces.

Inventory:

Hand Weapons
 a - a +1 war axe (weapon)
Armour
 b - a +0 scale mail (worn)
 c - a +0 buckler (worn)
Jewellery
 e - a ring of wizardry
 g - a ring of willpower
Wands
 h - a wand of flame (6)
 j - a wand of roots (10)
Scrolls
 k - a scroll of amnesia
 l - a scroll of immolation
 p - a scroll of fog
Potions
 d - 3 potions of might
 f - 2 potions of curing
 i - 4 potions of lignification
 m - 2 potions of cancellation {unknown}
 n - 2 potions of attraction {unknown}
 o - 2 potions of mutation
 q - 2 potions of flight {unknown}
 r - a potion of resistance
 s - a potion of heal wounds {unknown}


   Skills:
 + Level 7.1 Fighting
 * Level 9.1 Axes
 + Level 9.3 Armour
 + Level 7.2 Shields


You had 7 spell levels left.
You didn't know any spells.
Your spell library contained the following spells:

 Spells                   Type           Power      Damage    Failure   Level
 Slow                     Hex            0%         N/A       83%         1
 Confusing Touch          Hex            0%         N/A       99%         3
 Vampiric Draining        Necr           0%         2d6       99%         3
 Ozocubu's Refrigeration  Ice            0%         4d7       100%        7
 Polar Vortex             Ice            0%         N/A       100%        9
 Simulacrum               Ice/Necr       Unusable   N/A       N/A         6

Dungeon Overview and Level Annotations

Branches:
Dungeon (8/15)             Temple (1/1) D:4         Ossuary (visited)
   Lair: D:8-11

Altars:
Ashenzari
Cheibriados
Dithmenos
Elyvilon
Fedhas
Gozag
Hepliaklqana
Kikubaaqudgha
Makhleb
Nemelex Xobeh
Okawaru
Qazlal
Ru
Sif Muna
Trog
Uskayaw
Vehumet
Wu Jian
Xom
Yredelemnul
Zin
The Shining One


Innate Abilities, Weirdness & Mutations

You have a pair of horns on your head.
You reflexively headbutt those who attack you in melee.


Message History

You kill the orc!
Okawaru accepts your kill. You block the orc's attack.
You slash the orc!
You kill the orc!
Okawaru accepts your kill.
An orc comes into view. It is wielding a +0 hand axe.
Items here: ) ? [ †.
Okay, then.
An orc is nearby!
The orc shouts!
You hear a shout!
An orc warrior comes into view. It is wielding a +0 scimitar.
The orc warrior shouts!
An orc priest comes into view. It is wielding a +0 dagger.
Found a scroll of vulnerability.
The orc priest shouts!
An orc comes into view. It is wielding a +0 short sword.
The orc warrior unwields a +0 scimitar.
The orc warrior wields a +0 arbalest.
The orc warrior shoots a bolt.
The bolt hits you!
The orc priest mumbles some strange prayers to Beogh against you.
Beogh smites you!
* * * LOW HITPOINT WARNING * * *
The orc warrior shoots a bolt.
You block the bolt.
The orc priest looks encouraged for a moment.
The orc warrior unwields a +0 arbalest.
The orc warrior wields a +0 scimitar.
The orc warrior hits you with a +0 scimitar.
* * * LOW HITPOINT WARNING * * *
The orc priest hits you but does no damage.
You slash the orc priest! Your headbutt misses the orc priest.
The orc priest is severely wounded.
You hit the orc warrior.
The orc warrior hits you with a +0 scimitar!
* * * LOW HITPOINT WARNING * * *
The orc priest hits you but does no damage.
You hit the orc priest.
You kill the orc priest!
Okawaru accepts your kill.
You hit the orc warrior. You hit the orc but do no damage.
The orc warrior hits you with a +0 scimitar!
You die...

.##............#.............#
....###.#..#.h####..†.......#
#...# #.##.#>..##...#......###
#.##.##..#........#.#........#
#>...##...)....##.####.##..###
.....#..h......#######.##.##
..........###..###.......####
..#####..# #.o......##......
.## #.#. ##o)@.....##...... #
_..## #..o......)......# ..
....#.....<.).......# .#.
#..<.......>.....
.?..#.....##.......
....##.#.......... #....
####......... ..... ..........
.....#..:.


You could see an orc warrior and 2 orcs.

Vanquished Creatures
  Menkaure (Ossuary)
  An orc warrior (D:7)
  3 sky beasts
  2 black bears
  2 ogres (D:5)
  A centaur (D:3)
  An elf zombie (D:4)
  An elf skeleton (D:4)
  5 jellies
  3 human zombies (D:4)
  2 orc priests
  3 hounds (D:7)
  2 iguanas
  A human skeleton (D:4)
  2 orc wizards (D:8)
  A sleepcap (D:5)
  3 mummies (Ossuary)
  2 gnolls
  6 adders
  A white imp (D:5)
  2 ufetubi
  2 worms
  A dart slug (D:3)
  16 orcs
  6 ball pythons
  7 endoplasms
  7 giant cockroaches
  5 goblins
  9 hobgoblins
  4 jackals (D:3)
  9 kobolds
  6 quokkas
  8 bats
  8 frilled lizards
  3 gnoll skeletons (Ossuary)
  4 gnoll zombies (Ossuary)
  2 goblin skeletons (Ossuary)
  4 goblin zombies (Ossuary)
  4 hobgoblin skeletons (Ossuary)
  5 hobgoblin zombies (Ossuary)
  4 kobold skeletons (Ossuary)
  A kobold zombie (Ossuary)
  11 orc skeletons
  5 orc zombies
  8 rats
  5 rat skeletons (Ossuary)
  7 rat zombies (Ossuary)
196 creatures vanquished.

Notes
Turn   | Place    | Note
-------+----------+-------------------------------------------
     0 | D:1      | hwolsky the Minotaur Fighter began the quest for the Orb.
     0 | D:1      | Reached XP level 1. HP: 19/19 MP: 0/0
   183 | D:1      | Reached XP level 2. HP: 25/27 MP: 1/1
   681 | D:1      | Found a faded altar of an unknown god.
  1135 | D:2      | Reached XP level 3. HP: 32/33 MP: 2/2
  1443 | D:2      | Identified a scroll of acquirement
  1445 | D:2      | Acquired a manual of Armour
  1646 | D:2      | Reached XP level 4. HP: 33/40 MP: 3/3
  2034 | D:3      | Noticed a centaur
  2039 | D:3      | Killed a centaur
  2040 | D:3      | Reached skill level 5 in Armour
  2040 | D:3      | Reached XP level 5. HP: 34/47 MP: 4/4
  2349 | D:3      | Found a basalt altar of Yredelemnul.
  2349 | D:3      | Found a shimmering altar of Xom.
  2506 | D:3      | Found a sparkling altar of Nemelex Xobeh.
  2721 | D:4      | Reached skill level 5 in Axes
  2721 | D:4      | Reached skill level 5 in Shields
  2721 | D:4      | Reached XP level 6. HP: 44/55 MP: 5/5
  2728 | D:4      | Reached skill level 5 in Fighting
  2836 | D:4      | Found a sand-covered staircase.
  2886 | Ossuary  | Entered an ossuary
  3208 | Ossuary  | Reached XP level 7. HP: 31/61 MP: 6/6
  3274 | Ossuary  | Noticed Menkaure
  3280 | Ossuary  | Killed Menkaure
  3533 | D:4      | Found an iron altar of Okawaru.
  3545 | D:4      | Identified the +8 mace "Taleom" {pain, rElec}
  3554 | D:4      | Became a worshipper of Warmaster Okawaru
  3697 | D:4      | Found a staircase to the Ecumenical Temple.
  3816 | D:4      | Found a snail-covered altar of Cheibriados.
  4135 | Temple   | Entered the Ecumenical Temple
  4232 | D:5      | Entered Level 5 of the Dungeon
  4451 | D:5      | Found a hazy altar of Hepliaklqana.
  4586 | D:5      | Reached XP level 8. HP: 48/70 MP: 7/7
  5168 | D:5      | Found a blossoming altar of Fedhas.
  5218 | D:5      | You fall into a shaft and drop 3 floors!
  5378 | D:7      | Found a sacrificial altar of Ru.
  5407 | D:7      | Reached * piety under Okawaru
  5408 | D:7      | HP: 3/71 [orc warrior/+0 hand axe (2)]
  5479 | D:7      | Mangled by an orc warrior

Illustrated notes

Levels and vault maps discovered:
D:1:      dpeg_arrival_central, layout_basic, ebering_ecumenical_altar_box,
          columned_hall_lemuel, eino_curves_03, minmay_tromino_mix6
D:2:      minmay_inner_zag, layout_rooms, minivault_23, minmay_split_cup_large
D:3:      layout_loops_cross, nemelex_dance_club_becter,
          gammafunk_temple_overflow_pools
D:4:      layout_gridville, mainiacjoe_overflow_paths,
          okawaru_ov_weapons_minmay, minmay_temple_entry_overgrown,
          nicolae_ossuary_entry_catacombs
D:5:      layout_gridville, kennysheep_little_box, lemuel_coloured_pillars_altar
D:7:      layout_cave_pools, enter_bailey_2, minmay_shop_damaged,
          minmay_ruined_shrine
D:8:      layout_loops_cross, nicolae_shop_unique_rings, uniq_gastronok,
          uniq_maggie
Temple:   eino_wide_crystal_templ

Skill      XL: |  1  2  3  4  5  6  7  8 |
---------------+-------------------------+-----
Axes           | 3 4 5 6 7 9 |  9.1
Armour         | 4 5 6 7 9 |  9.3
Fighting       | 4 5 6 7 |  7.1
Shields        | 4 5 6 7 |  7.2

Action                     |  1- 3 |  4- 6 |  7- 9 || total
---------------------------+-------+-------+-------++-------
  Melee: War axe           |    93 |   175 |   137 ||   405
         Headbutt          |    19 |    31 |    31 ||    81
    Use: Scroll            |     9 |     2 |     5 ||    16
         Potion            |       |     1 |     5 ||     6
   Stab: Invisible         |       |     1 |       ||     1
 Armour: Scale mail        |    63 |    70 |    78 ||   211
  Dodge: Dodged            |    42 |    63 |    48 ||   153
  Block: Buckler           |    26 |    34 |    34 ||    94

Table legend: (Time is in decaauts)
 A = Elapsed time spent in this place.
 B = Non-inter-level travel time spent in this place.
 C = Inter-level travel time spent in this place.
 D = Time resting spent in this place.
 E = Time spent auto-exploring this place.
 F = Levels seen in this place.
 G = Mean time per level.
                   A        B        C        D        E       F      G
               +--------+--------+--------+--------+--------+-----+--------+
         Total |   5590 |   5413 |    177 |    731 |   3029 |   9 |  621.1 |
       Dungeon |   4903 |   4749 |    154 |    540 |   2871 |   7 |  700.4 |
        Temple |     72 |     50 |     22 |      0 |     40 |   1 |   72.0 |
       Ossuary |    614 |    614 |      0 |    191 |    118 |   1 |  614.0 |
               +--------+--------+--------+--------+--------+-----+--------+

Top non-repeatable levels by time:
     D:4: 1138 daAuts
     D:1: 1079 daAuts
     D:2: 866 daAuts
     D:5: 854 daAuts
     D:3: 699 daAuts
 Ossuary: 614 daAuts
     D:8: 135 daAuts
     D:7: 129 daAuts
  Temple: 72 daAuts
